 Dungeon Crawl Stone Soup version 0.21-a0-260-g9b2435e (webtiles) character file.

3600 tidbits the Fighter (level 9, -5/85 HPs)
             Began as a Red Draconian Wanderer on Sept 7, 2017.
             Was a Priest of Cheibriados.
             Slain by a centaur
             ... wielding a +0 halberd
              (12 damage)
             ... in a bailey.
             The game lasted 00:35:02 (2940 turns).

tidbits the Fighter (Red Draconian Wanderer)        Turns: 2940, Time: 00:35:02

Health: -5/85      AC:  8    Str: 24    XL:     9   Next: 85%
Magic:  13/13      EV: 19    Int: 23    God:    Cheibriados [***...]
Gold:   300        SH:  6    Dex: 21    Spells: 5/14 levels left

rFire    + + .     SeeInvis .   a - +7 hand axe of Youthful Indiscretion {chop, rF+ Int+3}
rCold    . . .     Gourm    .   (no shield)
rNeg     . . .     Faith    .   (armour unavailable)
rPois    .         Spirit   .   (helmet restricted)
rElec    .         Reflect  +   C - +0 cloak
rCorr    +         Harm     .   (no gloves)
MR       .....                  (no boots)
Stlth    +++.......             n - +6 amulet of reflection
HPRegen  0.24/turn              K - ring of resist corrosion
MPRegen  0.13/turn              (no ring)

@: short of breath, very slow
A: breathe fire, unfitting armour, fire resistance 1, cold-blooded, AC +7
a: Breathe Fire, Bend Time, Temporal Distortion, Renounce Religion


You were in a bailey.
You worshipped Cheibriados.
Cheibriados was most pleased with you.
You were not hungry.

You visited 1 branch of the dungeon, and saw 7 of its levels.
You also visited: Bailey.

You collected 300 gold pieces.

Inventory:

Hand Weapons
 a - the +7 hand axe of Youthful Indiscretion (weapon) {chop, rF+ Int+3}
   (You found it on level 7 of the Dungeon)

   It inflicts extra damage upon your enemies.
   It affects your intelligence (+3).
   It protects you from fire.
 b - a +0 longbow
 d - a +0 dagger
 g - a +0 blowgun
 i - a cursed -3 dagger
 o - a +0 hunting sling
 w - a +1 trident of venom
   (You took it off an orc on level 6 of the Dungeon)
 z - a +0 spear
 D - a +2 dagger of protection
   (You took it off a kobold on level 3 of the Dungeon)
Missiles
 e - 48 arrows
 p - 79 stones (quivered)
 q - 11 tomahawks
 s - 5 curare-tipped needles
 x - 5 javelins of returning
Armour
 C - a +0 cloak (worn)
Jewellery
 n - a +6 amulet of reflection (around neck)
   (You found it on level 3 of the Dungeon)
 K - a ring of resist corrosion (left hand)
   (You found it on level 4 of the Dungeon)
Wands
 t - a wand of acid (4/15)
 v - a wand of paralysis (12/24)
 G - a wand of scattershot (4/9)
Scrolls
 c - 2 scrolls of teleportation
 h - 3 scrolls of recharging
 k - a scroll of amnesia {unknown}
 l - a scroll of immolation {unknown}
 r - 2 scrolls of remove curse
 B - a scroll of magic mapping {unknown}
 F - a scroll of noise {unknown}
Potions
 A - a potion of flight {unknown}
 E - a potion of degeneration {unknown}
 H - a potion of haste {unknown}
Books
 u - a book of Minor Magic

   Spells                             Type                      Level
   a - Magic Dart                     Conjuration                  1
   b - Blink                          Translocation                2
   c - Call Imp                       Summoning                    2
   d - Slow                           Hexes                        2
   e - Conjure Flame                  Conjuration/Fire             3
   f - Mephitic Cloud                 Conjuration/Poison/Air       3
 y - a book of Cantrips
   (You found it on level 5 of the Dungeon)

   Spells                             Type                      Level
   a - Confusing Touch                Hexes                        1
   b - Animate Skeleton               Necromancy                   1
   c - Summon Small Mammal            Summoning                    1
   d - Apportation                    Translocation                1
Comestibles
 f - 5 bread rations
 j - a meat ration
 m - 2 royal jellies


   Skills:
 + Level 9.8 Fighting
 - Level 1.0 Polearms
 + Level 8.4 Dodging
 - Level 2.6 Stealth
 - Level 3.1 Spellcasting
 - Level 2.0 Summonings
 - Level 3.0 Necromancy
 - Level 3.0 Translocations
   Level 2.4 Fire Magic
 + Level 0.7 Invocations


You had 5 spell levels left.
You knew the following spells:

 Your Spells              Type           Power        Failure   Level  Hunger
a - Apportation           Tloc           ###...       3%          1    None
b - Blink                 Tloc           N/A          4%          2    ##.....
c - Mephitic Cloud        Conj/Pois/Air  #.......     34%         3    ###....
i - Call Imp              Summ           ##......     8%          2    ##.....
n - Animate Skeleton      Necr           N/A          3%          1    None


Dungeon Overview and Level Annotations

Branches:
Dungeon (7/15)
 Temple: D:4-7

Altars:
Cheibriados
Xom
Zin

Shops:
D:4 [

Annotations:
D:3 Grinder


Innate Abilities, Weirdness & Mutations

You can breathe blasts of fire.
Your fiery red scales are hard. (AC +7)
You cannot fit into any form of body armour.
Your flesh is heat resistant. (rF+)
You are cold-blooded and may be slowed by cold attacks.


Message History

The weapon returns to the centaur!
Unknown command.
Firing (i - inventory. (,) - cycle):
e - 53 arrows (quivered)
Press: ? - help, Shift-Dir - straight line, f/p - centaur
Aim: a centaur, wielding a halberd and wearing a chain mail (lightly wounded)
You shoot an arrow. The arrow barely misses the centaur.
The centaur throws a javelin of returning.
The javelin of returning hits you!
* * * LOW HITPOINT WARNING * * *
The weapon returns to the centaur!
The centaur throws a javelin of returning.
The javelin of returning hits your white imp!
The weapon returns to the centaur!
Your white imp gestures at the centaur.
The puff of frost hits the centaur.
A centaur comes into view. It is wielding a halberd.
Firing (i - inventory. (,) - cycle):
e - 52 arrows (quivered)
Press: ? - help, Shift-Dir - straight line, f/p - centaur
Aim: a centaur, wielding a halberd and wearing a chain mail (heavily wounded)
Okay, then.
The centaur throws a javelin of returning.
The javelin of returning hits your white imp!
Your white imp dies!
The weapon returns to the centaur!
The centaur throws a javelin of returning.
The javelin of returning misses you.
The weapon returns to the centaur!
Firing (i - inventory. (,) - cycle):
e - 52 arrows (quivered)
Press: ? - help, Shift-Dir - straight line, f/p - centaur
Aim: a centaur, wielding a halberd and wearing a chain mail (heavily wounded, hasn't noticed you)
You shoot an arrow. The arrow barely misses the centaur.
The centaur shouts!
The centaur throws a javelin of returning.
The javelin of returning misses you.
The weapon returns to the centaur!
The centaur throws a javelin of returning.
The javelin of returning barely misses you.
The weapon returns to the centaur!
The centaur throws a javelin of returning.
The javelin of returning barely misses you.
The weapon returns to the centaur!
The centaur throws a javelin of returning.
The javelin of returning closely misses you.
The weapon returns to the centaur!
The centaur throws a javelin of returning.
The javelin of returning closely misses you.
The weapon returns to the centaur!
Firing (i - inventory. (,) - cycle):
e - 51 arrows (quivered)
Press: ? - help, Shift-Dir - straight line, f/p - centaur
Aim: a centaur, wielding a halberd and wearing a chain mail (heavily wounded)
You shoot an arrow.
The arrow hits the centaur but does no damage.
The centaur is heavily wounded.
The centaur throws a javelin of returning.
You reflect the javelin of returning off an invisible shield around you!
The javelin of returning hits the centaur but does no damage.
The weapon returns to the centaur!
The centaur throws a javelin of returning.
The javelin of returning barely misses you.
The centaur throws a javelin of returning.
The javelin of returning completely misses you.
The weapon returns to the centaur!
Firing (i - inventory. (,) - cycle):
e - 50 arrows (quivered)
Press: ? - help, Shift-Dir - straight line, f/p - centaur
Aim: a centaur, wielding a halberd and wearing a chain mail (heavily wounded)
You shoot an arrow. The arrow barely misses the centaur.
The centaur throws a javelin of returning.
The javelin of returning completely misses you.
The weapon returns to the centaur!
Firing (i - inventory. (,) - cycle):
e - 49 arrows (quivered)
Press: ? - help, Shift-Dir - straight line, f/p - centaur
Aim: a centaur, wielding a halberd and wearing a chain mail (heavily wounded)
You shoot an arrow.
The arrow hits the centaur but does no damage.
The centaur is heavily wounded.
The centaur closely misses you.
The centaur throws a javelin of returning.
The javelin of returning hits you!
* * * LOW HITPOINT WARNING * * *
The weapon returns to the centaur!
The centaur barely misses you.
The centaur throws a javelin of returning.
The javelin of returning closely misses you.
The weapon returns to the centaur!
Firing (i - inventory. (,) - cycle):
e - 48 arrows (quivered)
Press: ? - help, Shift-Dir - straight line, f - centaur, p - centaur
Aim: a centaur, wielding a halberd and wearing a chain mail
Okay, then.
Wield which item (- for none, * to show all)? (? for menu, Esc to quit)
a - the +7 hand axe of Youthful Indiscretion (weapon)
{chop, rF+ Int+3} The centaur misses you.
The centaur misses you. The centaur barely misses you.
You block the centaur's attack. x2; The centaur misses you.
The centaur closely misses you. The centaur completely misses you.
The centaur closely misses you. The centaur hits you with a halberd.
* * * LOW HITPOINT WARNING * * *
You hit the centaur but do no damage.
You tail-slap the centaur, but do no damage.
You hit the centaur but do no damage. The centaur completely misses you.
The centaur hits you with a halberd!
* * * LOW HITPOINT WARNING * * *
The centaur hits you with a halberd!
You die...

≈.....≈≈≈.....≈(≈≈≈≈#
≈.⌠.(≈≈≈≈≈..⌠.≈≈.≈≈≈#
...(.≈≈≈≈≈.....≈.≈≈≈#
....≈≈≈≈≈≈≈....≈≈.≈≈#
....≈≈≈≈≈≈≈..)..≈.≈≈#
....≈≈≈:≈≈≈.....≈.≈≈#
..≈(≈:≈≈≈.....≈.≈≈#
..≈≈≈?≈≈≈...(.≈.≈≈#
.≈≈≈≈≈≈≈.@...≈.≈≈#
≈≈≈≈≈≈cc).≈≈.≈≈#
≈≈≈≈≈.....≈.≈≈≈#
≈≈≈≈≈((⌠.≈≈.≈≈≈#
.≈≈≈.(...≈.≈≈≈≈#
.......≈≈≈.≈≈≈≈#
.....≈≈≈..≈≈≈≈≈#
≈≈(≈≈≈..≈≈≈≈≈≈≈#


You could see 2 centaurs.

Vanquished Creatures
  The ghost of zkyp the Arsonist, a novice OgFE of Vehumet (Bailey)
  A sky beast (D:5)
  Duvessa (D:5)
  6 orc warriors (Bailey)
  3 ogres
  A black bear (D:7)
  4 centaurs
  A big kobold (D:7)
  A bullfrog (D:7)
  Dowan (D:5)
  2 scorpions
  4 killer bees (D:5)
  A howler monkey (D:4)
  A crimson imp (D:5)
  A bullfrog zombie (D:5)
  A centaur skeleton (D:4)
  7 hounds
  Ijyb (D:3)
  2 iguanas
  An orc wizard (D:4)
  4 worker ants
  Robin (D:2)
  4 gnolls
  5 adders
  A shadow imp (D:7)
  An ooze (D:1)
  2 leopard geckos
  26 orcs
  7 bats
  2 giant cockroaches
  19 goblins
  4 hobgoblins
  11 jackals
  15 kobolds
  3 quokkas
  A ball python (D:4)
  A frilled lizard (D:4)
  A leopard gecko skeleton (D:4)
  A leopard gecko zombie (D:5)
  7 rats
157 creatures vanquished.

Vanquished Creatures (collateral kills)
  4 orc warriors (Bailey)
  A killer bee (D:5)
  A worker ant (D:5)
  A gnoll (D:5)
  A worm (D:2)
  2 orcs (Bailey)
  3 goblins (D:2)
  A hobgoblin (D:2)
  A jackal (D:2)
  A frilled lizard (D:2)
  A rat (D:2)
17 creatures vanquished.

Vanquished Creatures (others)
  2 centaurs (Bailey)
2 creatures vanquished.

Grand Total: 176 creatures vanquished

Notes
Turn   | Place    | Note
-------+----------+-------------------------------------------
     0 | D:1      | tidbits the Draconian Wanderer began the quest for the Orb.
     0 | D:1      | tidbits set off with: a book of Minor Magic, a +0 spear, a scroll of teleportation, a +0 dagger, a bread ration
     0 | D:1      | Reached XP level 1. HP: 17/17 MP: 2/2
   145 | D:1      | Reached XP level 2. HP: 20/25 MP: 3/3
   149 | D:1      | Learned a level 2 spell: Call Imp
   305 | D:1      | Reached skill level 1 in Summonings
   417 | D:2      | Reached XP level 3. HP: 27/30 MP: 4/4
   418 | D:2      | Reached skill level 2 in Summonings
   553 | D:1      | Reached skill level 2 in Dodging
   650 | D:2      | Noticed Robin
   656 | D:2      | Reached skill level 3 in Fighting
   668 | D:2      | Killed Robin
   668 | D:2      | Reached XP level 4. HP: 18/38 MP: 3/5
   769 | D:3      | Noticed Ijyb
   840 | D:3      | Found a shimmering altar of Xom.
   848 | D:3      | Noticed Grinder
  1117 | D:3      | Killed Ijyb
  1117 | D:3      | Reached skill level 3 in Dodging
  1117 | D:3      | Reached XP level 5. HP: 45/46 MP: 6/6
  1170 | D:4      | Reached skill level 4 in Fighting
  1175 | D:5      | Entered Level 5 of the Dungeon
  1175 | D:5      | Noticed Duvessa
  1175 | D:5      | Noticed Dowan
  1355 | D:4      | Reached XP level 6. HP: 32/53 MP: 3/7
  1362 | D:4      | Reached skill level 4 in Dodging
  1387 | D:4      | Reached skill level 5 in Fighting
  1457 | D:4      | Your scales start taking on a fiery red colour.
  1457 | D:4      | Reached XP level 7. HP: 34/62 MP: 8/8
  1457 | D:4      | Gained mutation: Your flesh is heat resistant. (rF+) [Red Draconian growth]
  1470 | D:4      | Found Foxtampurch's Armour Shop.
  1637 | D:5      | Learned a level 1 spell: Apportation
  1639 | D:5      | Learned a level 1 spell: Animate Skeleton
  1642 | D:5      | Learned a level 2 spell: Blink
  1660 | D:5      | Found a snail-covered altar of Cheibriados.
  1669 | D:5      | Reached skill level 1 in Necromancy
  1669 | D:5      | Reached skill level 1 in Translocations
  1679 | D:5      | Became a worshipper of Cheibriados the Contemplative
  1736 | D:5      | Reached skill level 2 in Spellcasting
  1838 | D:6      | Reached skill level 2 in Necromancy
  1852 | D:5      | Reached skill level 2 in Translocations
  1901 | D:5      | Reached * piety under Cheibriados
  1901 | D:5      | Reached XP level 8. HP: 70/70 MP: 7/12
  1941 | D:5      | Learned a level 3 spell: Mephitic Cloud
  1959 | D:5      | Reached skill level 3 in Spellcasting
  1991 | D:5      | Killed Duvessa
  2003 | D:5      | Killed Dowan
  2003 | D:5      | Reached skill level 3 in Necromancy
  2003 | D:5      | Reached skill level 3 in Translocations
  2012 | D:5      | Found a glowing silver altar of Zin.
  2040 | D:5      | Reached skill level 5 in Dodging
  2040 | D:5      | Reached skill level 6 in Fighting
  2330 | D:7      | Reached skill level 7 in Fighting
  2345 | D:7      | Got a fine hand axe
  2352 | D:7      | Identified the +7 hand axe of Youthful Indiscretion {chop, rF+ Int+3} (You found it on level 7 of the Dungeon)
  2386 | D:7      | Reached skill level 6 in Dodging
  2418 | D:7      | Reached ** piety under Cheibriados
  2474 | D:7      | Found a flagged portal.
  2492 | Bailey   | Entered a bailey
  2580 | Bailey   | Noticed zkyp's ghost (novice OgFE)
  2592 | Bailey   | Killed zkyp's ghost
  2592 | Bailey   | Reached skill level 8 in Fighting
  2592 | Bailey   | Reached skill level 7 in Dodging
  2592 | Bailey   | Reached XP level 9. HP: 76/82 MP: 9/13
  2657 | Bailey   | Reached *** piety under Cheibriados
  2672 | Bailey   | Reached skill level 9 in Fighting
  2868 | Bailey   | Reached skill level 8 in Dodging
  2940 | Bailey   | HP: 7/85 [centaur/halberd (9)]
  2940 | Bailey   | Slain by a centaur

Vault maps used:
D:1:      dpeg_arrival_fog, serial_forest, infiniplex_forest_clump_long,
          infiniplex_forest_lined_3, infiniplex_forest_zigzag_1,
          infiniplex_forest_lined_room_, infiniplex_forest_pool,
          infiniplex_forest_lined_2
D:2:      uniq_robin
D:3:      xom_teletrap_fun, uniq_grinder, uniq_ijyb
D:4:      minmay_door_path, old_standard_altar, old_standard_altar,
          serial_shops, nicolae_shop_crystal, shop, uniq_sigmund
D:5:      kennysheep_little_box, nicolae_overflow_crystal_walls, first_bread,
          hangedman_decor_riveting, uniq_duvessa
D:6:      basic_altar, lemuel_tele_altar
D:7:      kennysheep_spiral_hall, minmay_temple_entry_butterflies,
          enter_bailey_3
Bailey:   bailey_polearm_flooded_kennysheep, bailey

Skill      XL: |  1  2  3  4  5  6  7  8  9 |
---------------+----------------------------+-----
Summonings     | 1 2 |  2.0
Dodging        | 2 3 4 7 8 |  8.4
Fighting       | 3 4 5 8 9 |  9.8
Necromancy     | 2 3 |  3.0
Translocations | 2 3 |  3.0
Spellcasting   | 2 3 |  3.1
Polearms       | |  1.0
Stealth        | |  2.6
Fire Magic     | |  2.4
Invocations    | |  0.7

Action                   |  1- 3 |  4- 6 |  7- 9 || total
-------------------------+-------+-------+-------++-------
Melee: Spear             |   166 |    74 |       ||   240
       Tailslap          |    20 |    20 |    17 ||    57
       Dagger            |       |    91 |    44 ||   135
       Trident           |       |       |    40 ||    40
       Hand axe          |       |       |    37 ||    37
 Fire: Blowgun           |       |    16 |     1 ||    17
       Longbow           |       |       |   173 ||   173
Throw: Stone             |       |     1 |     2 ||     3
 Cast: Call Imp          |     3 |    10 |    21 ||    34
       Apportation       |       |       |     5 ||     5
       Animate Skeleton  |       |       |     1 ||     1
 Abil: Breathe Fire      |       |       |     8 ||     8
Evoke: Wand              |       |     3 |       ||     3
  Use: Scroll            |       |     4 |     2 ||     6
       Potion            |       |       |     2 ||     2
 Stab: Sleeping          |     1 |     5 |       ||     6
       Paralysed         |       |     3 |       ||     3
  Eat: Chunk             |       |     4 |     6 ||    10
Armor: Skin              |    35 |    33 |   128 ||   196
Dodge: Dodged            |    91 |    74 |   159 ||   324
Block: Other             |       |    27 |    87 ||   114
       Reflection        |       |       |    12 ||    12

Table legend:
 A = Spawn XP
 B = Non-spawn XP
 C = Spawn XP percentage of total XP
 D = Spawn monster count
 E = Non-spawn monster count
 F = Spawn count percentage of total count
 G = Total turns spent on level
                    A         B        C        D         E        F      G
               +---------+---------+-------+---------+---------+-------+---------
         Total |       0 |    5144 |   0.0 |       0 |     176 |   0.0 |  2940
               +---------+---------+-------+---------+---------+-------+---------
           D:1 |       0 |      50 |   0.0 |       0 |      24 |   0.0 |   443
           D:2 |       0 |      70 |   0.0 |       0 |      34 |   0.0 |   325
           D:3 |       0 |      96 |   0.0 |       0 |      14 |   0.0 |   366
           D:4 |       0 |     624 |   0.0 |       0 |      21 |   0.0 |   460
           D:5 |       0 |     776 |   0.0 |       0 |      19 |   0.0 |   449
           D:6 |       0 |     175 |   0.0 |       0 |       7 |   0.0 |   136
           D:7 |       0 |     734 |   0.0 |       0 |      22 |   0.0 |   313
        Bailey |       0 |    2619 |   0.0 |       0 |      35 |   0.0 |   448
               +---------+---------+-------+---------+---------+-------+---------

Table legend:
 A = Turns spent in this place as a percentage of turns spent in the entire game.
 B = Non-inter-level travel turns spent in this place as a percentage of non-inter-level travel turns spent in the entire game.
 C = Inter-level travel turns spent in this place as a percentage of turns spent in this place.
 D = Turns resting spent in this place as a percentage of non-inter-level travel turns spent in this place.
 E = Turns spent auto-exploring this place as a percentage of non-inter-level travel turns spent in this place.
 F = Non-inter-level travel turns spent in this place divided by the number of levels of this place that you've seen.
                   A       B       C       D       E      F
               +-------+-------+-------+-------+-------+----------------------
         Total | 100.0 | 100.0 |   1.7 |   0.0 |   0.0 | 361.4
       Dungeon |  84.8 |  84.5 |   2.0 |   0.0 |   0.0 | 349.0
        Bailey |  15.2 |  15.5 |   0.0 |   0.0 |   0.0 | 448.0
               +-------+-------+-------+-------+-------+----------------------

Table legend:
 A = Kills in this place as a percentage of kills in entire the game.
 B = Kills by you in this place as a percentage of kills by you in the entire game.
 C = Kills by friends in this place as a percentage of kills by friends in the entire game.
 D = Other kills in this place as a percentage of other kills in the entire game.
 E = Experience gained in this place as a percentage of experience gained in the entire game.
 F = Experience gained in this place divided by the number of levels of this place that you have seen.
                   A       B       C       D       E      F
               +-------+-------+-------+-------+-------+----------------------
         Total | 100.0 | 100.0 | 100.0 | 100.0 | 100.0 | 643.0
       Dungeon |  80.1 |  82.8 |  64.7 |   0.0 |  49.1 | 360.7
        Bailey |  19.9 |  17.2 |  35.3 | 100.0 |  50.9 | 2619.0
               +-------+-------+-------+-------+-------+----------------------

Vault maps used:
D:1:      dpeg_arrival_fog, serial_forest, infiniplex_forest_clump_long,
          infiniplex_forest_lined_3, infiniplex_forest_zigzag_1,
          infiniplex_forest_lined_room_, infiniplex_forest_pool,
          infiniplex_forest_lined_2
D:2:      uniq_robin
D:3:      xom_teletrap_fun, uniq_grinder, uniq_ijyb
D:4:      minmay_door_path, old_standard_altar, old_standard_altar,
          serial_shops, nicolae_shop_crystal, shop, uniq_sigmund
D:5:      kennysheep_little_box, nicolae_overflow_crystal_walls, first_bread,
          hangedman_decor_riveting, uniq_duvessa
D:6:      basic_altar, lemuel_tele_altar
D:7:      kennysheep_spiral_hall, minmay_temple_entry_butterflies,
          enter_bailey_3
Bailey:   bailey_polearm_flooded_kennysheep, bailey
